Cogmind - Beta 15 @@@ ROGUE MODE // 2025.07.07 @ 09:34:54 Player: korgoth Result: Destroyed by P-60 Hacker with Shock Rifle Performance ------------- Evolutions (0) 0 Regions Visited (4) 800 Robots Destroyed (9) 45 Value Destroyed (137) 137 Prototype IDs (0) 0 Alien Tech Used (0) 0 Bonus (67) 67 TOTAL SCORE: 1049 Bonus ------- Follower Combat Kills 67 Cogmind --------- Core Integrity 0/250 Matter 300/300 Energy 100/100 System Corruption 1% Temperature Cool (0) Movement Core (150) Ox2 Location -7/Recycling Parts ------- > --- POWER (1) -------- (None) > --- PROPULSION (2) --- (None) > --- UTILITY (2) ------ Small Storage Unit > --- WEAPON (2) ------- Datajack Makeshift Spear > --- INVENTORY (8) ---- Aluminum Leg Aluminum Leg Xenon Bombardment Thruster Medium Storage Unit Terrain Scanner Light Armor Plating Light Armor Plating Subdweller Machine Gun Peak State ------------ > --- POWER ------------ Light Nuclear Core > --- PROPULSION ------- Aluminum Leg Aluminum Leg > --- UTILITY ---------- Small Storage Unit > --- WEAPON ----------- Datajack Makeshift Spear > --- INVENTORY -------- Aluminum Leg Aluminum Leg Xenon Bombardment Thruster Medium Storage Unit Terrain Scanner Light Armor Plating Light Armor Plating Subdweller Machine Gun [Rating: 12] Favorites ----------- Power Light Nuclear Core Engine Light Ion Engine Power Core Light Nuclear Core Propulsion Aluminum Leg Leg Aluminum Leg Utility Sensor Array Device Sensor Array Storage Medium Storage Unit Weapon Medium Laser Energy Gun Medium Laser Ballistic Gun Subdweller Machine Gun Ballistic Cannon Light Cannon Special Weapon Flamer Piercing Weapon Makeshift Spear Special Melee Weapon Datajack Build | -11 -10 -10 -10 -7 ------- Run | Yrd Mat Min Sub Rec Slots Evolved . | . . . . . Power . | . . . . . Propulsion . | . . . . . Utility . | . . . . . Weapon . | . . . . . Parts Attached 20 | 7 1 6 3 3 Power 4 | 1 . 2 1 . Engine 2 | 1 . 1 . . Core 2 | . . 1 1 . Reactor . | . . . . . Propulsion 4 | 2 . 1 . 1 Treads . | . . . . . Leg 4 | 2 . 1 . 1 Wheel . | . . . . . Hover . | . . . . . Flight . | . . . . . Utility 4 | 2 . 2 . . Device 2 | 1 . 1 . . Storage 2 | 1 . 1 . . Processor . | . . . . . Hackware . | . . . . . Protection . | . . . . . Artifact . | . . . . . Weapon 8 | 2 1 1 2 2 Energy Gun 2 | 2 . . . . Energy Cannon . | . . . . . Ballistic Gun 2 | . . 1 1 . Ballistic Cannon 1 | . 1 . . . Launcher . | . . . . . Special Weapon 1 | . . . 1 . Impact Weapon . | . . . . . Slashing Weapon . | . . . . . Piercing Weapon 1 | . . . . 1 Special Melee Weapon 1 | . . . . 1 Unidentified Prototypes . | . . . . . Parts Lost 7 | . . 1 3 3 Power 2 | . . . 1 1 Propulsion 2 | . . . . 2 Utility 2 | . . 1 1 . Weapon 1 | . . . 1 . Highest Loss Streak 3 | . . 1 3 3 To Critical Strikes . | . . . . . Average Backups 8 | 1 4 9 9 7 Power . | . 1 1 . . Propulsion 2 | . . 2 3 2 Utility 3 | . 1 4 4 4 Weapon 2 | . 1 2 1 1 Tool/Special . | . . . . . Unused Backups 7 | . . 2 . 5 Power 1 | . . 1 . . Propulsion 2 | . . . . 2 Utility 3 | . . . . 3 Weapon 1 | . . 1 . . Tool/Special . | . . . . . Average Slot Usage (%) 98 | . 100 99 99 70 Engine 2 | . 14 1 . . Core 11 | . . 12 14 12 Leg 27 | . 28 28 28 24 Device 12 | . 14 13 13 . Storage 14 | . 14 14 14 14 Energy Gun 13 | . 20 14 13 . Ballistic Cannon 10 | . 7 14 8 . Special Weapon 1 | . . . 4 . Peak Build Rating 12 | 7 7 10 11 12 Average Rating 9 | 4 7 9 10 8 On Entrance 6 | . 7 7 10 9 Naked Turns . | . . . . . Heaviest Build 22 | 12 14 21 22 15 Greatest Support 20 | 20 20 20 20 20 Greatest Overweight (x) 1 | 1 . 1 1 . Average Overweight (x) . | . . . . . Largest Inventory Capacity 10 | 8 8 10 10 8 Average Capacity 9 | 7 8 9 9 8 Most Carried 10 | 5 8 10 10 8 Average Carried 8 | 1 4 9 9 7 Final Capacity 10 | 8 8 10 8 8 Final Carried 10 | 2 8 10 8 8 Class Distribution -------------------- 100% | Mutant Dominant Class ---------------- Mutant | -10/Materials Mutant | -10/Mines Mutant | -10/Subcaves Mutant | -7/Recycling Resources | -11 -10 -10 -10 -7 ----------- Run | Yrd Mat Min Sub Rec Matter Collected 447 | 270 . 127 20 30 Remotely . | . . . . . Salvage Created 281 | 141 . 109 31 . Parts 16 | 6 . 5 5 . Haulers Intercepted . | . . . . . Recyclers Shooed . | . . . . . Parts Field Recycled . | . . . . . Retrieved Matter . | . . . . . Parts Self-Destructed 6 | . . . 6 . Prevented . | . . . . . Kills | -11 -10 -10 -10 -7 ------- Run | Yrd Mat Min Sub Rec Combat Hostiles Destroyed 5 | . . 2 3 . Guns 3 | . . 1 2 . Cannons 2 | . . 1 1 . Classes Destroyed 4 | 2 . 1 1 . Tunneler 2 | 2 . . . . Recycler 2 | 1 . 1 . . Swarmer 3 | . . . 3 . Grunt 2 | . . 2 . . Best Kill Streak 3 | 3 . 2 3 . Combat Bots Only 3 | . . 2 3 . Max Kills in Single Turn 2 | 1 . 2 1 . Gunslinging . | . . . . . Exploded . | . . . . . Melee . | . . . . . Uniques/NPCs Destroyed . | . . . . . Combat | -11 -10 -10 -10 -7 -------- Run | Yrd Mat Min Sub Rec Hostile Shots Fired 141 | . . 19 102 20 Missed 56 | . . 2 49 5 Hits 85 | . . 17 53 15 Projectile 85 | . . 17 53 15 AOE 4 | . . . . 4 Damage Taken 990 | . . 267 382 341 Core 253 | . . 32 55 166 Absorbed by Shields . | . . . . . Core Remaining (%) 100 | 100 . . . . Volleys Fired 24 | 7 . 13 4 . Largest 2 | 2 . 2 2 . Hottest 150 | 90 . 80 150 . Shots Fired 48 | 14 . 26 8 . Gun 31 | 14 . 13 4 . Cannon 13 | . . 13 . . Launcher . | . . . . . Special 4 | . . . 4 . Kinetic 13 | . . 13 . . Thermal 35 | 14 . 13 8 . Explosive . | . . . . . Electromagnetic . | . . . . . Robot Hit Streak 7 | 6 . 6 7 . Robot Miss Streak 3 | 2 . 3 1 . Penetration Max . | . . . . . Secondary Targets . | . . . . . Shots Hit Robots 36 | 9 . 18 5 4 Core Hits 13 | 4 . 6 3 . Critical Kills . | . . . . . Critical Parts Destroyed . | . . . . . Critical Strikes 2 | . . 1 1 . Burn 1 | . . . 1 . Blast 1 | . . 1 . . Melee Attacks 8 | . . . . 8 Impact . | . . . . . Slashing . | . . . . . Piercing 6 | . . . . 6 Sneak Attacks 1 | . . . . 1 Combat Hostiles 1 | . . . . 1 Follow-up Attacks . | . . . . . Damage Inflicted 541 | 117 . 305 61 58 Guns 270 | 117 . 115 38 . Cannons 185 | . . 185 . . Explosions . | . . . . . Melee 58 | . . . . 58 Ramming 5 | . . 5 . . Kinetic 185 | . . 185 . . Thermal 293 | 117 . 115 61 . Explosive . | . . . . . Electromagnetic . | . . . . . Impact . | . . . . . Slashing . | . . . . . Piercing 58 | . . . . 58 Highest Corruption . | . . . . . Average Corruption . | . . . . . Corruption Purged . | . . . . . Corruption Blocked . | . . . . . Overload Shots . | . . . . . Overflow Damage 23 | . . 4 . 19 Projectiles 4 | . . 4 . . Explosions . | . . . . . Melee 19 | . . . . 19 Knockbacks 2 | . . 2 . . Impact . | . . . . . Kinetic 2 | . . 2 . . Secondary . | . . . . . Self-Inflicted Damage . | . . . . . Shots . | . . . . . Rammed . | . . . . . Targets Rammed 1 | . . 1 . . Kicked 1 | . . 1 . . Crushed . | . . . . . Highest Temperature 286 | 132 . 286 . . Average Temperature 96 | 54 . 119 . . Received Heat Transfer 453 | . . 150 258 45 Siege Activations . | . . . . . Martial Activations . | . . . . . Shielding Activations . | . . . . . Robots Disrupted . | . . . . . Combat Hostiles . | . . . . . Robots Corrupted . | . . . . . Combat Hostiles . | . . . . . Parts Fried . | . . . . . Impact Corruptions . | . . . . . Robots Melted . | . . . . . Combat Hostiles . | . . . . . Parts Melted 1 | . . . 1 . Heat Transferred 988 | 310 . 333 345 . Parts Sabotaged . | . . . . . Parts Stolen . | . . . . . Parts Stripped . | . . . . . Power Chain Reactions . | . . . . . Alert | -11 -10 -10 -10 -7 ------- Run | Yrd Mat Min Sub Rec Maximum Alert Level . | . . . . . Low Security (%) 100 | 100 100 100 . 100 Level 1 . | . . . . . Level 2 . | . . . . . Level 3 . | . . . . . Level 4 . | . . . . . Level 5 . | . . . . . High Security . | . . . . . Max Security . | . . . . . Peak Influence 50 | 10 . 50 . 49 Initial 49 | . . . . 49 Average 8 | 1 . 8 . 33 Influence Increases 323 | 15 . 113 188 7 Destroy 0b10 Robot/C 160 | . . 80 80 . Destroy 0b10 Robot/NC 20 | 15 . 5 . . Destroy Leader 20 | . . 20 . . Allied During Kill 11 | . . 8 3 . Successful Hack 7 | . . . . 7 Lose Combat Pursuer 105 | . . . 105 . Influence Decreases 323 | 15 . 113 85 110 Entered New Map 54 | . . . . 54 Time Decay 190 | 15 . 113 32 30 Lost Part 56 | . . . 30 26 Lost Ally 23 | . . . 23 . Squads Dispatched . | . . . . . Investigation . | . . . . . Extermination . | . . . . . Reinforcement . | . . . . . Assault . | . . . . . Garrison . | . . . . . Intercept . | . . . . . Searches Triggered . | . . . . . Construction Impeded . | . . . . . Haulers Reinforced . | . . . . . Active Scanning Responses . | . . . . . Cargo Convoy Interrupts . | . . . . . Stealth | -11 -10 -10 -10 -7 --------- Run | Yrd Mat Min Sub Rec Distress Signals . | . . . . . Communications Jammed . | . . . . . Distress Signals . | . . . . . Times Spotted 14 | . . 4 7 3 Peak Tracking Total 5 | . . 2 5 3 Tactical Retreats 3 | . . . 3 . Traps | -11 -10 -10 -10 -7 ------- Run | Yrd Mat Min Sub Rec Traps Triggered . | . . . . . Indirectly . | . . . . . Trap Hack Attempts . | . . . . . Triggered . | . . . . . Disarmed . | . . . . . Reprogrammed . | . . . . . Reused . | . . . . . Traps Extracted . | . . . . . Installed . | . . . . . Triggered . | . . . . . Machines | -11 -10 -10 -10 -7 ---------- Run | Yrd Mat Min Sub Rec Machines Disabled . | . . . . . Max in Single Turn . | . . . . . Machines Repaired . | . . . . . Machines Dismantled . | . . . . . Machines Sabotaged . | . . . . . Overloaded Fab Kills . | . . . . . Hacking | -11 -10 -10 -10 -7 --------- Run | Yrd Mat Min Sub Rec Machines Accessed 4 | . . . . 4 Terminals 3 | . . . . 3 Fabricators . | . . . . . Repair Stations . | . . . . . Recycling Units 1 | . . . . 1 Scanalyzers . | . . . . . Garrison Access . | . . . . . Total Hacks 5 | . . . . 5 Successful 3 | . . . . 3 Failed 2 | . . . . 2 Catastrophic . | . . . . . Database Lockouts . | . . . . . Manual 2 | . . . . 2 Terminals 4 | . . . . 4 Fabricators . | . . . . . Repair Stations . | . . . . . Recycling Units 1 | . . . . 1 Scanalyzers . | . . . . . Garrison Access . | . . . . . Terminal Hacks 2 | . . . . 2 Branch Access Points 1 | . . . . 1 Zone Layout 1 | . . . . 1 Fabricator Hacks . | . . . . . Repair Station Hacks . | . . . . . Recycling Unit Hacks 1 | . . . . 1 Report Inventory 1 | . . . . 1 Scanalyzer . | . . . . . Garrison Access Hacks . | . . . . . Unauthorized Hacks . | . . . . . Terminals . | . . . . . Fabricators . | . . . . . Repair Stations . | . . . . . Recycling Units . | . . . . . Scanalyzers . | . . . . . Garrison Access . | . . . . . Data Cores Recovered . | . . . . . Used . | . . . . . Hacking Detections 1 | . . . . 1 Full Trace Events . | . . . . . Feedback Events . | . . . . . Feedback Blocked . | . . . . . Robot Schematics Acquired . | . . . . . Robots Built . | . . . . . Authchips . | . . . . . Time . | . . . . . Total Robot Build Rating . | . . . . . Part Schematics Acquired . | . . . . . Parts Built . | . . . . . Authchips . | . . . . . Time . | . . . . . Total Part Build Rating . | . . . . . Parts Repaired . | . . . . . Time . | . . . . . Parts Recycled . | . . . . . Recycled Matter . | . . . . . Retrieved Matter . | . . . . . Retrieved Components . | . . . . . Parts Scanalyzed . | . . . . . Part Schematics Acquired . | . . . . . Parts Damaged . | . . . . . Bothacking | -11 -10 -10 -10 -7 ------------ Run | Yrd Mat Min Sub Rec Used RIF Installer . | . . . . . Robots Hacked 1 | . . . . 1 Non-combat . | . . . . . Combat 1 | . . . . 1 Robot Hacks Applied 1 | . . . . 1 parse_system 1 | . . . . 1 Relay Couplers Released . | . . . . . Fabnet Peak Effective % . | . . . . . Robots Rewired . | . . . . . Allies Hacked . | . . . . . Hacks Repelled . | . . . . . Allies | -11 -10 -10 -10 -7 -------- Run | Yrd Mat Min Sub Rec Total Allies 3 | . . 3 . . Largest Group 3 | . . 3 3 . Highest-Rated Group 40 | . . 40 40 . Highest-Rated Ally 16 | . . 16 16 . Total Orders . | . . . . . Ally Attacks 13 | . . 4 9 . Total Damage 142 | . . 67 75 . Kills 3 | . . 2 1 . Allies Corrupted . | . . . . . Allies Melted . | . . . . . Intel | -11 -10 -10 -10 -7 ------- Run | Yrd Mat Min Sub Rec Active Infowar (turns) 1707 | 11 178 793 725 . Sensors 1497 | . . 772 725 . Seismic 210 | 11 178 21 . . Robot Analysis Total . | . . . . . Derelict Logs Recovered 3 | . . 2 1 . Drone Launches . | . . . . . Drone Recoveries . | . . . . . Exploration | -11 -10 -10 -10 -7 ------------- Run | Yrd Mat Min Sub Rec Turns Passed 1913 | 83 178 840 728 84 Spaces Moved 1038 | 45 143 397 404 49 Core 19 | 19 . . . . Treads . | . . . . . Legs 1019 | 26 143 397 404 49 Wheels . | . . . . . Hover . | . . . . . Flight . | . . . . . Fastest Speed 50 | 50 120 120 120 120 Average Speed 159 | 102 120 185 159 120 Slowest Speed 190 | 190 120 190 190 120 Overloaded Moves . | . . . . . Propulsion Burnouts . | . . . . . Robots Hopped . | . . . . . Potential Cave-ins . | . . . . . Cave-ins Triggered . | . . . . . Exploration Rate (%) 24 | 3 20 57 28 13 Regions Visited 4 Branch Regions 3 Pre-discovered Areas 2 | . . . 2 . Known Exits Taken . | . . . . . Unknown Exits Taken 4 | 1 1 1 1 . Scrap Searched 2 | . . 2 . . Spaces Dug . | . . . . . Terrain Destroyed . | . . . . . Melee . | . . . . . Projectile . | . . . . . AOE . | . . . . . Terrain Rammed . | . . . . . Walls Destroyed . | . . . . . Machines Disabled . | . . . . . Actions | -11 -10 -10 -10 -7 --------- Run | Yrd Mat Min Sub Rec Total 1235 | 67 149 476 477 66 Wait 104 | . . 42 59 3 Move 1034 | 44 142 396 403 49 Hop . | . . . . . Pick Up 30 | 9 6 10 3 2 Fast Attach . | . . . . . Attach 12 | 7 . 2 2 1 Detach . | . . . . . Swap 10 | . 1 5 2 2 Drop 12 | . . 7 4 1 Fire 24 | 7 . 13 4 . Melee 8 | . . . . 8 Ram . | . . . . . Kick 1 | . . 1 . . Crush . | . . . . . Escape Stasis . | . . . . . Rewire . | . . . . . Trap . | . . . . . Miscellaneous . | . . . . . Route ------- -11/Scrapyard -10/Materials -10/Mines (discovered 2 exits: [*Mat] / [*Sub]) -10/Subcaves (discovered 3 exits: [*Mat x2] / *Rec) -7/Recycling History --------- Turn | Location | Event 7 | -11/Scrapyard | Discovered new exit (range 15) 84 | -11/Scrapyard | Entered Materials 94 | -10/Materials | Discovered new exit (range 15) 262 | -10/Materials | Entered Mines 362 | -10/Mines | Build established: Mutant 362 | -10/Mines | Found a hidden stash of uninstalled traps 433 | -10/Mines | Learned Materials terminal intel 534 | -10/Mines | Discovered new exit (range 4) 687 | -10/Mines | A weapon hastily lodged in a ceiling crevice suddenly fell to the ground 740 | -10/Mines | Assisted by bots powering up and referring to "LRC-V3" 750 | -10/Mines | Learned Materials security intel 1082 | -10/Mines | Discovered new exit (range 6) 1102 | -10/Mines | Entered Subcaves 1102 | -10/Subcaves | Accompanied by 3 allies 1174 | -10/Subcaves | Learned location of Zion (-7) 1174 | -10/Subcaves | Met a Zionite searching for "candidates" 1269 | -10/Subcaves | A swath of the cavern ceiling suddenly collapsed 1528 | -10/Subcaves | Shifting Twisted Machinery released Spk. Treads 1529 | -10/Subcaves | Discovered new exit (range 9) 1543 | -10/Subcaves | Shifting Twisted Machinery released Flamer 1572 | -10/Subcaves | Shifting Twisted Machinery released Sub. Machine Gun 1582 | -10/Subcaves | Shifting Twisted Machinery released Flamer 1717 | -10/Subcaves | Discovered new exit (range 13) 1775 | -10/Subcaves | Lost 3 allies 1783 | -10/Subcaves | Discovered new exit (range 14) 1830 | -10/Subcaves | Entered Recycling 1831 | -7/Recycling | Met a Zionite searching for Scraptown 1858 | -7/Recycling | Lost 3 parts (1p1u1w) 1898 | -7/Recycling | Core integrity fell below 50% 1909 | -7/Recycling | Core integrity fell below 20% 1914 | -7/Recycling | Destroyed by P-60 Hacker with Shock Rifle Last Messages --------------- Acquired Xenon Bombardment Thruster. Sneak attack on P-60 Hacker. P-60 Hacker system offline. D-53 Grenadier springs to life. K-01 Serf destroyed. G-47 Trooper springs to life. P-60 Hacker springs to life. Jacked D-53 Grenadier... >>parse_system Reading system data... R-06 Scavenger destroyed. T-07 Excavator destroyed. Aluminum Leg destroyed. Lgt. Nuclear Core destroyed. Destroyed Mic. Nuclear Core. D-53 Grenadier destroyed. Aluminum Leg destroyed. R-06 Scavenger collects Cmb. Airjet. Destroyed Shock Rifle. R-06 Scavenger destroyed. Map ----- +----------------------------------------------------+ | ?????????????????????????????????????????????????? | | ?????????????????????????????????????????????????? | | ?????????????????????????????????????????????????? | | ?????????????????????????????????????????????????? | | ?????????????????????????????????????????????????? | | ?????????????????????????????????????????????????? | | ?????????????????????????????????????????????????? | | ?????????????????????????????????????????????????? | | ?????????????????????????????????????????????????? | | ?????????????????????????????????????????????????? | | ?????????????????????????????????????????????????? | | ?????????????????????????????????????????????????? | | ?????????????????????????????????????????????????? | | ?????????????????????????????????????????????????? | | ?????????????????????????????????????????????????? | | ?????????????????????????????????????????????????? | | ?????????????? #???### #?????????? | | ?????????????? #???# #?####????? | | ?????????????? ##############??# #?# ????? | | ?????????????? #??# r lb #??# #?# ????? | | ?????????????? #??# g g #??# #?# ????? | | ?????????????? #??# % ##?# #?# ????? | | ????????????## #### ### % #?# ????? | | ????????????? +!! g % ! #?## ????? | | ?????????????? ####td %= !! ##?# ????? | | ?????????????? #??#ii%==%@ # #?# ????? | | ?????????????? #??#g Y p ## ##?# ???? | | ?????????????? #??### ## #??# ???? | | ?????????????? #????## ### #??# #??? | | ??????????????+###???## # # ##?# #####??# #??? | | ?????????????? #????# ######## #??????# #??? | | ?????????????? #????#r####"T"# #??????# ""?? | | ?????????????? #????# #??????# Y"?? | | ?????????????? #????# ######## "??? | | ?????????????? ###### #??? | | ?????????????? + #??? | | ?????????????? ###### #??? | | ?????????????? #??#"" #??? | | ?????????????? #??#"Y """"" #??? | | ?????????????? #??#"" """"" #??? | | ?????????????? #??### """"" #??? | | ?????????????? #????# #??? | | ??????????????# ##????# #??? | | ??????????????###?????###"T"##"T"##############??? | | ????????????????????????#"""##"""#???????????????? | | ????????????????????????##########???????????????? | | ?????????????????????????????????????????????????? | | ?????????????????????????????????????????????????? | | | | | +----------------------------------------------------+ Best States ------------- Heat Dissipation 25 Energy Generation 14 Energy Capacity 250 Matter Stores 300 Matter Capacity 300 Sight Range 16 Robot Scan Range 14 Terrain Scan Density 10 Evasion (%) 55 Item Schematics ----------------- None Robot Schematics ------------------ None Fabricated ------------ Nothing Repaired ---------- Nothing Alien Tech Used ----------------- None Achievements -------------- None Challenges ------------ None Game ------ Seed LightCentriumFlakker Manual? 0 Play Time 00:20:20 Cumulative 52.0 hours Start 2025.07.07 @ 09:17:39 End 2025.07.07 @ 09:34:54 Sessions 1 Manual Loads 0 Difficulty Rogue Special Mode None Game No. 55 Rogue 45 Adventurer 10 Explorer 0 Win Type - Total 1 Types 1/0/0/0/0/0/0/0/0/0 Lore% 26 Gallery% 35 Achievement% 30 Wizard Run 0 Options --------- Layout 1 ASCII 0 Keyboard 0 Movement Numpad Keybinds 0 Fullscreen 1 Font 24/Smallcaps Map View 50x35 Zoom Use 0% Tactical HUD 0 Map Filters NONE Filters NONE Steam 1 RUN: b7776aac-e049-4fb7-b8f6-4290f415f962